 Dungeon Crawl Stone Soup version 0.22-a0-322-g60b3cfd (webtiles) character file.

166 JeffiDaFish the Firebug (level 5, -2/38 HPs)
             Began as a Draconian Fire Elementalist on Apr 4, 2018.
             Was an Initiate of Vehumet.
             Succumbed to an orc wizard's poison
             ... on level 4 of the Dungeon.
             The game lasted 00:09:17 (3993 turns).

JeffiDaFish the Firebug (DrFE)                      Turns: 3993, Time: 00:09:18

Health: -2/38      AC:  6    Str: 10    XL:     5   Next: 22%
Magic:  0/9        EV: 12    Int: 17    God:    Vehumet [......]
Gold:   120        SH:  0    Dex: 11    Spells: 1/9 levels left

rFire    . . .     SeeInvis .   a - +1 hand axe
rCold    + . .     Gourm    .   (no shield)
rNeg     . . .     Faith    .   (armour unavailable)
rPois    .         Spirit   .   (helmet restricted)
rElec    .         Reflect  .   h - +0 cloak
rCorr    .         Harm     .   (no gloves)
MR       .....                  (no boots)
Stlth    ++........             (no amulet)
HPRegen  0.12/turn              c - ring of protection from cold
MPRegen  0.11/turn              (no ring)

@: lethally poisoned (-2 -> -40), very slightly contaminated
A: unfitting armour, cold-blooded, AC +5
a: Renounce Religion


You were on level 4 of the Dungeon.
You worshipped Vehumet.
Vehumet was noncommittal.
You were not hungry.

You visited 1 branch of the dungeon, and saw 4 of its levels.

You collected 120 gold pieces.

Inventory:

Hand Weapons
 a - a +1 hand axe (weapon)
 j - a +0 lajatang
Armour
 e - a +1 buckler
 h - a +0 cloak (worn)
Jewellery
 c - a ring of protection from cold (left hand)
Scrolls
 f - 5 scrolls of identify
 g - a scroll of enchant weapon
 i - a scroll of amnesia
Comestibles
 b - 10 rations
 d - 4 chunks of flesh


   Skills:
 - Level 2.0 Dodging
 - Level 1.7 Stealth
 + Level 2.8 Spellcasting
 * Level 3.3 Conjurations
 + Level 4.1 Fire Magic


You had one spell level left.
You knew the following spells:

 Your Spells              Type           Power        Failure   Level  Hunger
a - Flame Tongue          Conj/Fire      ###..        3%          1    #......
b - Conjure Flame         Conj/Fire      ###.....     11%         3    ###....
c - Sticky Flame          Conj/Fire      ###.....     36%         4    #####..


Dungeon Overview and Level Annotations

Branches:
Dungeon (4/15)
 Temple: D:4-7

Altars:
Okawaru
Ru
Vehumet


Innate Abilities, Weirdness & Mutations

Your plain brown scales are hard. (AC +5)
You cannot fit into any form of body armour.
You are cold-blooded and may be slowed by cold attacks.


Message History

The orc hits you but does no damage. The orc wizard closely misses you.
You barely miss the orc wizard.
The orc wizard is moderately wounded.
You hit the orc.
* * * LOW HITPOINT WARNING * * *
You feel very sick. The orc misses you. The orc wizard completely misses you.
The orc barely misses you.
You barely miss the orc wizard.
The orc wizard is moderately wounded.
You hit the orc.
* * * LOW HITPOINT WARNING * * *
You feel very sick. The orc wizard misses you.
The orc hits you but does no damage.
You hit the orc wizard.
The orc wizard is heavily wounded.
You hit the orc.
You kill the orc!
Vehumet accepts your kill.
You die...

#########
.........
........#
..?.....#
........# #@#
#......)o......
#######.......?
#########


You could see an orc wizard.

Vanquished Creatures
  An orc wizard (D:3)
  3 gnolls (D:2)
  2 adders (D:3)
  2 worms (D:2)
  A dart slug (D:1)
  3 leopard geckos
  4 orcs
  5 giant cockroaches
  6 hobgoblins
  9 jackals
  A quokka (D:2)
  12 bats
  8 frilled lizards
  11 goblins
  5 kobolds
  5 rats
78 creatures vanquished.

Notes
Turn   | Place    | Note
-------+----------+-------------------------------------------
     0 | D:1      | JeffiDaFish the Draconian Fire Elementalist began the quest for the Orb.
     0 | D:1      | Reached XP level 1. HP: 14/14 MP: 3/3
   407 | D:1      | Reached XP level 2. HP: 20/20 MP: 3/5
  1566 | D:1      | Reached XP level 3. HP: 22/26 MP: 6/6
  2080 | D:2      | Found an iron altar of Okawaru.
  2274 | D:2      | Reached XP level 4. HP: 12/33 MP: 0/7
  2744 | D:2      | Found a faded altar of an unknown god.
  3244 | D:2      | Learned a level 3 spell: Conjure Flame
  3249 | D:2      | Learned a level 4 spell: Sticky Flame
  3481 | D:3      | Reached skill level 4 in Fire Magic
  3560 | D:3      | Found a sacrificial altar of Ru.
  3581 | D:3      | Reached XP level 5. HP: 38/38 MP: 0/9
  3689 | D:3      | Found a radiant altar of Vehumet.
  3700 | D:3      | Became a worshipper of Vehumet
  3992 | D:4      | HP: 1/38 [poisoned by an orc wizard]
  3993 | D:4      | Succumbed to an orc wizard's poison

Vault maps used:
D:1:      tarquinn_simple_flora_water_b
D:2:      minmay_wonky_spiral, lemuel_crystal_altar,
          chequers_ecumenical_altar_simple
D:3:      lemuel_crystal_altar, nicolae_ru_great_annihilating_truth

Skill      XL: |  1  2  3  4 |
---------------+-------------+-----
Dodging        | 2 |  2.0
Conjurations   | 2 3 |  3.3
Fire Magic     | 4 |  4.1
Stealth        | |  1.7
Spellcasting   | |  2.8

Action                   |  1- 3 |  4- 6 || total
-------------------------+-------+-------++-------
Melee: Unarmed           |    19 |       ||    19
       Hand axe          |    88 |    95 ||   183
       Tailslap          |     9 |     5 ||    14
 Cast: Flame Tongue      |    23 |    29 ||    52
  Use: Potion            |     4 |     3 ||     7
       Scroll            |     4 |     3 ||     7
 Stab: Sleeping          |     5 |     5 ||    10
       Paralysed         |       |     1 ||     1
  Eat: Chunk             |     4 |     7 ||    11
Armor: Skin              |    38 |    57 ||    95
Dodge: Dodged            |    99 |    85 ||   184

Table legend:
 A = Spawn XP
 B = Non-spawn XP
 C = Spawn XP percentage of total XP
 D = Spawn monster count
 E = Non-spawn monster count
 F = Spawn count percentage of total count
 G = Total turns spent on level
                    A         B        C        D         E        F      G
               +---------+---------+-------+---------+---------+-------+---------
         Total |       0 |     238 |   0.0 |       0 |      78 |   0.0 |  3993
               +---------+---------+-------+---------+---------+-------+---------
           D:1 |       0 |      48 |   0.0 |       0 |      28 |   0.0 |  2035
           D:2 |       0 |      87 |   0.0 |       0 |      25 |   0.0 |  1285
           D:3 |       0 |      94 |   0.0 |       0 |      22 |   0.0 |   658
           D:4 |       0 |       9 |   0.0 |       0 |       3 |   0.0 |    15
               +---------+---------+-------+---------+---------+-------+---------
